 Dungeon Crawl Stone Soup version 0.30-a0-924-g0ad0bf95bc (webtiles) character file.

Game seed: 16098074619861232564

108 ZappyNine the Slasher (level 4, 0/30 (37) HPs)
             Began as a Barachi Reaver on Mar 22, 2023.
             Succumbed to an adder's poison
             ... on level 2 of the Dungeon.
             The game lasted 00:02:22 (1614 turns).

ZappyNine the Slasher (Barachi Reaver)              Turns: 1614, Time: 00:02:23

HP:   0/30 (37)     AC:  3    Str: 15    XL:     4   Next: 87%
MP:   7/7           EV: 11    Int: 13    God:
Gold: 81            SH:  0    Dex: 11    Spells: 6/7 levels left

rFire   . . .      SeeInvis .    a - +0 falchion
rCold   . . .      Faith    .    (no shield)
rNeg    + . .      Spirit   .    b - +0 leather armour
rPois   .          Reflect  .    (no helmet)
rElec   .          Rampage  .    (no cloak)
rCorr   .                        (no gloves)
Will    .....                    (no boots)
Stlth   +                        (no amulet)
HPRegen 0.25/turn                e - ring of positive energy
MPRegen 0.10/turn                (no ring)

@: lethally poisoned (0 -> -2), heavily drained, slow
A: amphibious, slowness 1, strong legs 1, +LOS
a: Hop


You were on level 2 of the Dungeon.
You visited 1 branch of the dungeon, and saw 2 of its levels.

You collected 81 gold pieces.

Inventory:

Hand Weapons
 a - a +0 falchion (weapon)
Armour
 b - a +0 leather armour (worn)
Jewellery
 e - a ring of positive energy (left hand)
Scrolls
 d - 2 scrolls of teleportation {unknown}
 h - a scroll of fog {unknown}
Potions
 c - a potion of resistance {unknown}
 f - a potion of curing {unknown}
 g - a potion of magic {unknown}
 i - a potion of ambrosia {unknown}


   Skills:
 * Level 3.8 Fighting
 + Level 4.5 Long Blades
 + Level 3.3 Armour
 - Level 2.1 Dodging
 - Level 2.1 Spellcasting
 - Level 3.2 Conjurations


You had 6 spell levels left.
You knew the following spells:

 Your Spells              Type           Power      Damage    Failure   Level
a - Kiss of Death         Conj/Necr      20%        2d7       16%         1

Your spell library contained the following spells:

 Spells                   Type           Power      Damage    Failure   Level
 Momentum Strike          Conj/Tloc      10%        3d8       24%         2
 Hailstorm                Conj/Ice       5%         3d4       43%         3
 Call Canine Familiar     Summ           1%         N/A       67%         3
 Portal Projectile        Hex/Tloc       2%         N/A       67%         3
 Leda's Liquefaction      Hex/Erth       0%         N/A       97%         4


Dungeon Overview and Level Annotations

Branches:
Dungeon (2/15)

Altars:


Innate Abilities, Weirdness & Mutations

You are amphibious.
You cover ground slowly.
You can hop short distances.
You have an extended range of vision and can be seen from far away.


Message History

The adder is moderately wounded.
The adder bites you but does no damage.
You miss the adder.
The adder is moderately wounded.
The adder bites you.
* * * LOW HITPOINT WARNING * * *
The adder bites you.
* * * LOW HITPOINT WARNING * * *
You are poisoned.
The adder poisons you!
Unknown command.
You hit the adder.
The adder is severely wounded.
* * * LOW HITPOINT WARNING * * *
You feel sick. The adder barely misses you.
Unknown command.
You hit the adder.
The adder is almost dead.
* * * LOW HITPOINT WARNING * * *
You feel sick. The adder closely misses you.
Unknown command.
Unknown command.
You closely miss the adder.
The adder is almost dead.
You feel sick. The adder bites you.
* * * LOW HITPOINT WARNING * * *
The adder closely misses you.
Unknown command.
Unknown command.
Unknown command.
You miss the adder.
The adder is almost dead.
* * * LOW HITPOINT WARNING * * *
You feel sick. The adder bites you.
* * * LOW HITPOINT WARNING * * *
Unknown command.
Unknown command.
You barely miss the adder. Your punch misses the adder.
The adder is almost dead.
You die...

.#########.......#
.#........######.#####
.#.######.# #........#
...)..# #.# #.##.###.#
.#.##.###.###.#..#
.#.##.....##.....#
.#.#########..#.†#
.#.# #..#..# .#(# #.
#.@# .#.# #...S.# ##.#
#.#.... #.# # #.###.
#. .. #. .# #. .. #.
##


You could see an adder.

Vanquished Creatures
  Jessica (D:2)
  A gnoll (D:1)
  4 adders (D:2)
  A worm (D:2)
  2 dart slugs
  3 ball pythons
  2 bats (D:1)
  An endoplasm (D:1)
  2 giant cockroaches
  4 hobgoblins
  2 jackals (D:2)
  2 kobolds
  3 goblins (D:1)
  3 rats
31 creatures vanquished.

Notes
Turn   | Place    | Note
-------+----------+-------------------------------------------
     0 | D:1      | ZappyNine the Barachi Reaver began the quest for the Orb.
     0 | D:1      | Reached XP level 1. HP: 17/17 MP: 3/3
   179 | D:1      | Reached skill level 1 in Armour
   179 | D:1      | Reached XP level 2. HP: 23/23 MP: 5/5
   395 | D:1      | Reached skill level 4 in Long Blades
   558 | D:1      | Reached XP level 3. HP: 15/29 MP: 6/6
  1142 | D:2      | Reached XP level 4. HP: 14/27 MP: 7/7
  1492 | D:2      | Noticed Jessica
  1496 | D:2      | Killed Jessica
  1613 | D:2      | HP: 1/30 [adder (1)]
  1614 | D:2      | Succumbed to an adder's poison

Illustrated notes

Levels and vault maps discovered:
D:1:      minmay_arrival_stair_chambers, layout_loops_ring
D:2:      layout_basic, grunt_decor_arrowhead, minmay_misc_feat_plants,
          minmay_misc_feat_roman, hangedman_decor_slide_cut, uniq_jessica

Skill      XL: |  1  2  3  4 |
---------------+-------------+-----
Armour         | 1 2 3 |  3.3
Long Blades    | 4 |  4.5
Fighting       | 3 |  3.8
Dodging        | |  2.1
Spellcasting   | |  2.1
Conjurations   | |  3.2

Action                     |  1- 3 |  4- 6 || total
---------------------------+-------+-------++-------
  Melee: Falchion          |    85 |    42 ||   127
         Punch             |     2 |     2 ||     4
   Cast: Kiss of Death     |     2 |     1 ||     3
Ability: Hop               |       |     1 ||     1
   Stab: Distracted        |     1 |       ||     1
 Armour: Leather armour    |    22 |    14 ||    36
  Dodge: Dodged            |    51 |    27 ||    78

Table legend: (Time is in decaauts)
 A = Elapsed time spent in this place.
 B = Non-inter-level travel time spent in this place.
 C = Inter-level travel time spent in this place.
 D = Time resting spent in this place.
 E = Time spent auto-exploring this place.
 F = Levels seen in this place.
 G = Mean time per level.
                   A        B        C        D        E       F      G
               +--------+--------+--------+--------+--------+-----+--------+
         Total |   1803 |   1788 |     15 |     67 |   1448 |   2 |  901.5 |
       Dungeon |   1803 |   1788 |     15 |     67 |   1448 |   2 |  901.5 |
               +--------+--------+--------+--------+--------+-----+--------+

Top non-repeatable levels by time:
     D:1: 1006 daAuts
     D:2: 797 daAuts
